Map: 에버 드림 - 래더

Players

HellraiseR

  • Race: Protoss Protoss
  • Spawn Location: 1:00

cure - Winner!

  • Race: Terran Terran
  • Spawn Location: 7:00

Event: StayAtHomestory Cup #2

VOD

Have the link to the VOD?

Description

Time

  • Played on: June 11, 2020, 8:13 a.m.
  • Length: 6:39

All games in this series

Show
View Real Time Build Order
Export as new Build Order

HellraiseR Protoss 

Build Orders:  

Get SALT Encoding   

  12  0:00  Probe  
  13  0:12  Probe  
  14  0:22  Pylon  
  14  0:25  Probe  
  15  0:32  Pylon  
  15  0:40  Probe  
  16  0:50  Gateway  
  16  0:52  Probe  
  16  0:56  Assimilator  
  17  1:04  Probe  
  18  1:16  Probe  
  19  1:28  Probe, Zealot  
  20  1:39  Cybernetics Core  
  22  1:47  Zealot  
  24  2:03  Nexus  
  24  2:07  Stalker  
  23  2:24  Warp Gate  
  23  2:25  Probe  
  24  2:34  Stalker  
  22  2:37  Probe, Shield Battery  
  22  2:41  Assimilator  
  25  2:49  Probe  
  26  3:02  Probe  
  27  3:10  Twilight Council  
  27  3:11  Probe x2  
  27  3:19  Probe x2  
  31  3:27  Gateway  
  31  3:28  Gateway  
  31  3:29  Probe x2  
  33  3:41  Probe  
  34  3:42  Probe, Gateway  
  34  3:47  Resonating Glaives  
  35  3:53  Gateway  
  35  3:58  Gateway  
  35  4:02  Probe  
  36  4:03  Probe  
  36  4:07  Pylon  
  37  4:14  Probe  
  37  4:15  Probe, Adept  
  41  4:23  Probe  
  40  4:24  Probe  
  40  4:31  Probe  
  36  4:32  Probe  
  33  4:40  Probe, Adept x4  
  33  4:42  Probe  
  42  4:52  Probe  
  43  4:54  Probe  
  44  5:00  Adept x3  
  44  5:04  Adept  
  53  5:07  Probe  
  53  5:10  Probe  
  54  5:14  Pylon  
  54  5:30  Pylon  
  54  5:32  Probe x2  
  56  5:41  Probe  
  56  5:42  Probe  
  48  5:49  Probe  
  50  5:50  Probe, Dark Shrine  
  42  5:58  Probe  
  42  6:01  Probe, Adept x4  
  52  6:10  Probe  
  53  6:13  Probe  
  53  6:14  Pylon  
  54  6:20  Assimilator  
  54  6:22  Probe  
  54  6:23  Forge  
  54  6:24  Robotics Facility  
  54  6:25  Probe  
  56  6:29  Assimilator  
Show
View Real Time Build Order
Export as new Build Order

cure Terran - Winner!

Build Orders: Reaper Expand 

Get SALT Encoding   

  12  0:01  SCV  
  13  0:13  SCV  
  14  0:17  Supply Depot  
  14  0:25  SCV  
  15  0:39  SCV  
  15  0:40  Barracks  
  16  0:43  Refinery  
  16  0:51  SCV  
  17  1:03  SCV  
  18  1:15  SCV  
  18  1:30  Reaper, Orbital Command  
  19  1:43  Command Center  
  19  1:51  Supply Depot  
  19  1:56  SCV  
  20  2:02  Marine  
  21  2:09  SCV  
  21  2:20  Marine  
  21  2:21  SCV  
  22  2:30  Bunker  
  22  2:33  SCV  
  22  2:39  Factory  
  22  2:42  Barracks Reactor  
  22  2:46  SCV  
  23  2:58  SCV  
  24  3:06  Refinery  
  24  3:10  SCV  
  25  3:13  Orbital Command  
  25  3:22  SCV  
  25  3:25  Starport  
  26  3:34  Hellion x2  
  30  3:35  SCV  
  30  3:39  SCV  
  32  3:48  SCV  
  33  3:51  SCV  
  33  3:55  Widow Mine x2  
  38  4:00  SCV  
  38  4:01  Armory  
  39  4:03  Medivac  
  39  4:04  SCV  
  39  4:07  Barracks Tech Lab  
  42  4:12  SCV  
  42  4:17  SCV, Supply Depot  
  46  4:24  Widow Mine  
  45  4:32  SCV  
  45  4:35  SCV  
  45  4:41  Supply Depot  
  45  4:42  Bunker  
  46  4:45  SCV  
  46  4:47  SCV  
  46  4:48  Bunker  
  46  4:49  Liberator  
  48  4:55  Marine x2  
  50  5:00  Barracks, Siege Tank  
  50  5:01  SCV  
  50  5:02  SCV  
  55  5:07  Supply Depot  
  55  5:13  Marine x2  
  57  5:16  SCV x2  
  57  5:17  Orbital Command  
  57  5:31  Marine x2  
  57  5:32  Siege Tank  
  61  5:38  SCV  
  60  5:43  SCV  
  60  5:48  Supply Depot, Starport Tech Lab  
  60  5:49  Supply Depot  
  61  5:50  SCV, Barracks Tech Lab  
  61  5:52  Marine  
  62  6:10  SCV x2, Marine  
  65  6:14  Supply Depot x2, Marine  
  65  6:15  Marine  
  69  6:22  SCV x2  
  69  6:24  Barracks  
  69  6:25  Refinery  
  71  6:27  Engineering Bay  
Tags
 
Add a new tag
Caveats
  • Supply blocks, unpowered buildings, or Contaminate may cause inaccurate times.
  • Supply counts are checked every 10 seconds.